[Event "8th Gibraltar U16-Junior 2018"]
[Site "Caleta"]
[Date "2018.08.17"]
[Round "1"]
[White "Moreby, James"]
[Black "Headlong, Benjamin"]
[Result "1-0"]
[ECO "A21"]
[WhiteElo "2084"]
[BlackElo "1597"]
[Annotator "NA RC"]
[PlyCount "69"]
[EventDate "2018.08.17"]
[EventType "swiss"]
[EventCountry "GGB"]
[SourceTitle "playchess.com"]
[Source "ChessBase"]
[SourceQuality "1"]
[TimeControl "6600+10"]

1. c4 e5 2. Nc3 Bb4 3. Nd5 Bd6 4. Nf3 c6 5. Nc3 Bc7 6. d4 exd4 7. Nxd4 Ne7 8. Bg5 f6 9. Bh4 d5 10. e3 Ng6 11. Bg3 O-O 12. Bxc7 Qxc7 13. cxd5 cxd5 14. Nxd5 Qa5+ 15. Nc3 Rd8 16. Bd3 Ne5 17. Be4 Nbc6 18. Qb3+ Kh8 19. Nxc6 Nxc6 20. O-O Ne5 21. Rad1 Re8 22. h3 Be6 23. Bd5 Bxd5 24. Rxd5 Qc7 25. Rfd1 Rad8 26. Nb5 Qb6 27. Nd6 Qxb3 28. axb3 Rf8 29. f4 Rxd6 30. Rxd6 Nc6 31. Rd7 b6 32. Rc7 Na5 33. b4 Nb3 34. Rd3 Na1 35. Ra3 1-0

[Event "8th Gibraltar U16-Junior 2018"]
[Site "Caleta"]
[Date "2018.08.17"]
[Round "1"]
[White "Diaz Mino, Pablo"]
[Black "Guerreiro, Jose Velho"]
[Result "1-0"]
[ECO "D36"]
[WhiteElo "2052"]
[BlackElo "1525"]
[Annotator "NA RC"]
[PlyCount "59"]
[EventDate "2018.08.17"]
[EventType "swiss"]
[EventCountry "GGB"]
[SourceTitle "playchess.com"]
[Source "ChessBase"]
[SourceQuality "1"]
[TimeControl "6600+10"]

1. d4 d5 2. c4 e6 3. Nc3 Nf6 4. cxd5 exd5 5. Bg5 Be7 6. Qc2 c6 7. e3 Ne4 8. Bxe7 Qxe7 9. Nxd5 cxd5 10. Qxc8+ Qd8 11. Bb5+ Nc6 12. Bxc6+ bxc6 13. Qxc6+ Ke7 14. Qb7+ Ke6 15. Qa6+ Nd6 16. Ne2 g5 17. O-O Rb8 18. b3 Qd7 19. Rac1 Rb6 20. Qd3 h5 21. Nc3 f5 22. Na4 Rc6 23. Nc5+ Rxc5 24. dxc5 Nc8 25. Rfd1 Ne7 26. Qa6+ Ke5 27. f4+ gxf4 28. exf4+ Ke4 29. Rc4+ Ke3 30. Rcd4 1-0

[Event "8th Gibraltar U16-Junior 2018"]
[Site "Caleta"]
[Date "2018.08.17"]
[Round "1"]
[White "Perez Beltran, Salvador"]
[Black "Cox, Toby"]
[Result "1-0"]
[ECO "C01"]
[WhiteElo "2018"]
[BlackElo "1479"]
[Annotator "NA RC"]
[PlyCount "51"]
[EventDate "2018.08.17"]
[EventType "swiss"]
[EventCountry "GGB"]
[SourceTitle "playchess.com"]
[Source "ChessBase"]
[SourceQuality "1"]
[TimeControl "6600+10"]

1. e4 e6 2. d4 d5 3. Bd3 Nf6 4. e5 Nfd7 5. f4 c5 6. c3 Nc6 7. Nf3 a6 8. O-O b5 9. f5 exf5 10. Bxf5 Qb6 11. e6 Nf6 12. exf7+ Kd8 13. Bxc8 Kxc8 14. Kh1 Ra7 15. Bg5 Bd6 16. Ne5 Ne4 17. Qg4+ Kb8 18. Nd7+ Rxd7 19. Qxd7 Rc8 20. Bf4 Bxf4 21. Qxc8+ Kxc8 22. f8=Q+ Kb7 23. Rxf4 Qa5 24. Rf7+ Kb6 25. dxc5+ Nxc5 26. b4 1-0

[Event "8th Gibraltar U16-Junior 2018"]
[Site "Caleta"]
[Date "2018.08.17"]
[Round "1"]
[White "Carroll, Thomas"]
[Black "Manocha, Shobhin"]
[Result "1/2-1/2"]
[ECO "D10"]
[WhiteElo "1965"]
[BlackElo "1461"]
[Annotator "NA RC"]
[PlyCount "54"]
[EventDate "2018.08.17"]
[EventType "swiss"]
[EventCountry "GGB"]
[SourceTitle "playchess.com"]
[Source "ChessBase"]
[SourceQuality "1"]
[TimeControl "6600+10"]

1. d4 d5 2. c4 c6 3. cxd5 cxd5 4. Nc3 Nf6 5. f3 Qb6 6. e4 dxe4 7. fxe4 e5 8. Bb5+ Bd7 9. Bxd7+ Nbxd7 10. dxe5 Nxe5 11. Nf3 Neg4 12. Qe2 Bb4 13. h3 Qc5 14. Bd2 Ne5 15. a3 Bxc3 16. Bxc3 Nxf3+ 17. gxf3 Qg5 18. Bd2 Qe5 19. Be3 Rd8 20. O-O Nh5 21. Rfd1 O-O 22. Bxa7 Nf4 23. Qh2 Qf6 24. Be3 Nd3 25. Rf1 Nxb2 26. Rab1 Nc4 27. Qe2 Qe6 1/2-1/2

[Event "8th Gibraltar U16-Junior 2018"]
[Site "Caleta"]
[Date "2018.08.17"]
[Round "1"]
[White "Tombolis, Christopher"]
[Black "Dharmasena, Gavith"]
[Result "1/2-1/2"]
[ECO "C54"]
[WhiteElo "1900"]
[BlackElo "1433"]
[Annotator "NA RC"]
[PlyCount "61"]
[EventDate "2018.08.17"]
[EventType "swiss"]
[EventCountry "GGB"]
[SourceTitle "playchess.com"]
[Source "ChessBase"]
[SourceQuality "1"]
[TimeControl "6600+10"]

1. e4 e5 2. Nf3 Nc6 3. Bc4 Bc5 4. c3 Nf6 5. d3 O-O 6. O-O h6 7. h3 d6 8. Bb3 d5 9. exd5 Nxd5 10. Re1 a6 11. Bc2 Qf6 12. Nbd2 Ba7 13. Ne4 Qe6 14. d4 f5 15. Nc5 Bxc5 16. dxc5 e4 17. Bb3 Nce7 18. Nd4 Qg6 19. Ne2 Be6 20. c4 Nb4 21. Nf4 Qf7 22. Qd2 a5 23. a3 Rad8 24. Qe2 Nd3 25. Nxd3 Rxd3 26. Bc2 Rdd8 27. b3 Nc6 28. Bb2 a4 29. b4 Bxc4 30. Qe3 Bb3 31. Bxb3 1/2-1/2

[Event "8th Gibraltar U16-Junior 2018"]
[Site "Caleta"]
[Date "2018.08.17"]
[Round "1"]
[White "Howell, Oliver W"]
[Black "Rayner, Hugo"]
[Result "1/2-1/2"]
[ECO "E65"]
[WhiteElo "1853"]
[BlackElo "1391"]
[Annotator "NA RC"]
[PlyCount "110"]
[EventDate "2018.08.17"]
[EventType "swiss"]
[EventCountry "GGB"]
[SourceTitle "playchess.com"]
[Source "ChessBase"]
[SourceQuality "1"]
[TimeControl "6600+10"]

1. Nf3 Nf6 2. c4 g6 3. g3 Bg7 4. Bg2 O-O 5. O-O d6 6. Nc3 c5 7. d4 Nbd7 8. e4 cxd4 9. Nxd4 Nc5 10. h3 Bd7 11. Be3 Rc8 12. Rc1 b6 13. Qe2 Ne6 14. Rfd1 Nxd4 15. Bxd4 Be6 16. b3 Qd7 17. e5 Ne8 18. Kh2 f6 19. f4 fxe5 20. fxe5 Bh6 21. Be3 Bxe3 22. Qxe3 Ng7 23. exd6 exd6 24. Rf1 Rxf1 25. Rxf1 Nf5 26. Qd3 a6 27. g4 Ne7 28. Ne4 Qc7 29. Nf6+ Kg7 30. Bd5 Bxd5 31. Nxd5 Nxd5 32. Qd4+ Kg8 33. Qxd5+ Kg7 34. g5 Qe7 35. Re1 Qf7 36. Qd4+ Kg8 37. Kg2 Rf8 38. Qe3 Qf4 39. Qxf4 Rxf4 40. Rd1 Rf5 41. h4 Re5 42. Rxd6 Re2+ 43. Kf3 Rxa2 44. Rxb6 Ra3 45. c5 Ra5 46. c6 Kf7 47. b4 Rf5+ 48. Kg4 Re5 49. c7 Re4+ 50. Kf3 Rc4 51. Rb7 Ke6 52. Ke3 Kd7 53. Kd3 Rxc7 54. Rxc7+ Kxc7 55. Kc3 Kb6 1/2-1/2

[Event "8th Gibraltar U16-Junior 2018"]
[Site "Caleta"]
[Date "2018.08.17"]
[Round "1"]
[White "Silva, Pedro Gil Ferreira "]
[Black "Vyas, Param"]
[Result "1-0"]
[ECO "B43"]
[WhiteElo "1795"]
[BlackElo "1372"]
[Annotator "NA RC"]
[PlyCount "101"]
[EventDate "2018.08.17"]
[EventType "swiss"]
[EventCountry "GGB"]
[SourceTitle "playchess.com"]
[Source "ChessBase"]
[SourceQuality "1"]
[TimeControl "6600+10"]

1. e4 c5 2. Nf3 e6 3. d4 cxd4 4. Nxd4 a6 5. Nc3 Qc7 6. g3 b6 7. Bg2 Bb7 8. O-O Nf6 9. h3 Be7 10. Re1 d6 11. a4 Nc6 12. Nb3 O-O 13. f4 Rfd8 14. Qe2 Nd7 15. Be3 Bf6 16. Qd2 Nc5 17. Nd4 Ne7 18. g4 Ng6 19. f5 Ne5 20. Qe2 Qe7 21. b4 Ncd7 22. fxe6 fxe6 23. g5 Bxg5 24. Bxg5 Qxg5 25. Nxe6 Qe7 26. Nxd8 Rxd8 27. Nd5 Qe8 28. Qf2 Bxd5 29. exd5 Nf6 30. Qxb6 Rd7 31. Qxa6 Qg6 32. Qc8+ Kf7 33. Rf1 Qg5 34. a5 Qe3+ 35. Kh1 Qa7 36. b5 Rc7 37. b6 Qxb6 38. axb6 Rxc8 39. Ra7+ Kg6 40. b7 Rb8 41. Rb1 Ned7 42. Ra6 Ne8 43. Ra8 Nc7 44. Rxb8 Nxb8 45. Rb6 Ne8 46. Rc6 Nd7 47. Rc8 Nef6 48. h4 h5 49. Bh3 Kf7 50. Bxd7 Nxd7 51. Rc7 1-0

[Event "8th Gibraltar U16-Junior 2018"]
[Site "Caleta"]
[Date "2018.08.17"]
[Round "1"]
[White "Lovell, William Pm"]
[Black "Shigaeva, Arina"]
[Result "1-0"]
[ECO "A26"]
[WhiteElo "1783"]
[BlackElo "1271"]
[Annotator "NA RC"]
[PlyCount "99"]
[EventDate "2018.08.17"]
[EventType "swiss"]
[EventCountry "GGB"]
[SourceTitle "playchess.com"]
[Source "ChessBase"]
[SourceQuality "1"]
[TimeControl "6600+10"]

1. c4 e5 2. g3 Nc6 3. Bg2 g6 4. Nc3 Bg7 5. e4 Nge7 6. Nge2 O-O 7. d3 d6 8. O-O f5 9. Be3 Be6 10. Nd5 h6 11. Qd2 Kh7 12. f4 Rb8 13. a4 Nd4 14. Rab1 c6 15. Nxe7 Qxe7 16. fxe5 dxe5 17. Nxd4 exd4 18. Bf4 Rbe8 19. Qc2 g5 20. Bd2 Rf7 21. Rbe1 Qd7 22. exf5 Bxf5 23. Rxe8 Qxe8 24. Rxf5 Rxf5 25. Be4 Qf8 26. g4 Kg8 27. Bxf5 Be5 28. Qd1 Qd6 29. Qe2 c5 30. Be4 b6 31. Qf2 Qf6 32. Qxf6 Bxf6 33. h4 Kg7 34. hxg5 Bxg5 35. Bxg5 hxg5 36. Kf2 Kf6 37. Kf3 Ke5 38. Bb7 Kf6 39. Ke4 Ke6 40. Bc8+ Kf6 41. Bf5 a6 42. Bc8 a5 43. Bf5 Ke7 44. Ke5 Kf7 45. Be4 Ke7 46. Kf5 Kd6 47. Kxg5 Ke5 48. Bd5 Kd6 49. Kf6 Kd7 50. g5 1-0

[Event "8th Gibraltar U16-Junior 2018"]
[Site "Caleta"]
[Date "2018.08.17"]
[Round "1"]
[White "Atara, Omeet J"]
[Black "Mahtani, Johan"]
[Result "1/2-1/2"]
[ECO "A29"]
[WhiteElo "1704"]
[BlackElo "1166"]
[Annotator "NA RC"]
[PlyCount "199"]
[EventDate "2018.08.17"]
[EventType "swiss"]
[EventCountry "GGB"]
[SourceTitle "playchess.com"]
[Source "ChessBase"]
[SourceQuality "1"]
[TimeControl "6600+10"]

1. c4 Nf6 2. Nc3 e5 3. Nf3 Nc6 4. g3 Bc5 5. Bg2 O-O 6. a3 Bb6 7. d3 d6 8. Bg5 h6 9. Bd2 Bf5 10. Nh4 Bd7 11. b4 Rb8 12. O-O Ne7 13. Qc2 Nf5 14. Nxf5 Bxf5 15. e4 Be6 16. Ne2 Bg4 17. Rfe1 Bxe2 18. Rxe2 c5 19. Qb3 cxb4 20. Bxb4 Bc5 21. Rb1 Qb6 22. Qa2 Ng4 23. h3 Nf6 24. Reb2 Bxb4 25. Rxb4 Qc6 26. Qb3 b6 27. a4 Nd7 28. Qc2 Rfc8 29. h4 Nc5 30. Bf1 Rc7 31. Ra1 a5 32. Rb5 Ne6 33. Qb2 Nd4 34. Rxa5 Rcb7 35. Rd5 Ra7 36. a5 Ne6 37. Qb5 Rc8 38. Qb1 Nc7 39. Qxb6 Qxb6 40. axb6 Rxa1 41. bxc7 Rxc7 42. Rxd6 Rb7 43. Kg2 Kf8 44. c5 Rc1 45. Rd5 f6 46. Be2 Rc7 47. Rd8+ Ke7 48. Rg8 Kf7 49. Rh8 R7xc5 50. Bh5+ Ke7 51. Rg8 g5 52. Rg7+ Kd8 53. Rg6 gxh4 54. gxh4 R1c3 55. Rxf6 Rxd3 56. Rxh6 Rc7 57. Bg6 Rg7 58. h5 Rd6 59. Kf3 Rf6+ 60. Ke3 Ke7 61. Rh8 Rf8 62. Rh6 Rf6 63. Rh8 Rf8 64. Rxf8 Kxf8 65. f4 Re7 66. f5 Kg7 67. Kd3 Rd7+ 68. Ke3 Rd6 69. Kf3 Rd3+ 70. Kg4 Rd1 71. Kg5 Rg1+ 72. Kh4 Rh1+ 73. Kg3 Rg1+ 74. Kf3 Rf1+ 75. Ke2 Rf4 76. Kd3 Rf1 77. Be8 Rd1+ 78. Ke3 Re1+ 79. Kf3 Rf1+ 80. Ke2 Rf4 81. Kd3 Rf3+ 82. Kc4 Kf8 83. Bg6 Kg7 84. Kd5 Kf6 85. h6 Rh3 86. h7 Rd3+ 87. Kc6 Rc3+ 88. Kd7 Rd3+ 89. Ke8 Ra3 90. h8=B+ Kg5 91. Bxe5 Ra4 92. Bf4+ Kxf4 93. f6 Ra8+ 94. Kf7 Ke5 95. Kg7 Ke6 96. f7 Ke7 97. e5 Rf8 98. Bd3 Rxf7+ 99. Kg6 Ke6 100. Bc4+ 1/2-1/2

[Event "8th Gibraltar U16-Junior 2018"]
[Site "Caleta"]
[Date "2018.08.17"]
[Round "1"]
[White "Lorente Serrano, Rosa Adela"]
[Black "Le, Vincent"]
[Result "1-0"]
[ECO "A01"]
[WhiteElo "1682"]
[BlackElo "1017"]
[Annotator "NA RC"]
[PlyCount "73"]
[EventDate "2018.08.17"]
[EventType "swiss"]
[EventCountry "GGB"]
[SourceTitle "playchess.com"]
[Source "ChessBase"]
[SourceQuality "1"]
[TimeControl "6600+10"]

1. b3 e5 2. Bb2 Nc6 3. c4 Bc5 4. e3 d6 5. a3 Nf6 6. d3 Be6 7. Nf3 Bg4 8. Nbd2 Qe7 9. Ne4 Nxe4 10. dxe4 Qf6 11. Be2 O-O-O 12. Qc2 h5 13. O-O-O g5 14. h4 Bxf3 15. hxg5 Qxg5 16. Bxf3 Nd4 17. Bxd4 exd4 18. b4 Bb6 19. Kb1 dxe3 20. fxe3 Bxe3 21. Rd5 Qe7 22. Rhxh5 c6 23. Rdf5 Bg5 24. Rfxg5 f6 25. Rf5 Kb8 26. Qc3 Rhf8 27. Rh6 d5 28. cxd5 cxd5 29. Qd4 dxe4 30. Qxe4 Qc7 31. Rc5 Qb6 32. Rh7 Rd1+ 33. Kc2 Rd2+ 34. Kxd2 Rd8+ 35. Kc2 Rd2+ 36. Kxd2 Qd6+ 37. Kc2 1-0

[Event "8th Gibraltar U16-Junior 2018"]
[Site "Caleta"]
[Date "2018.08.17"]
[Round "1"]
[White "Shepherd, Tom"]
[Black "Cuellar Montes, Alejandro"]
[Result "0-1"]
[ECO "E15"]
[WhiteElo "1531"]
[BlackElo "2074"]
[Annotator "NA RC"]
[PlyCount "114"]
[EventDate "2018.08.17"]
[EventType "swiss"]
[EventCountry "GGB"]
[SourceTitle "playchess.com"]
[Source "ChessBase"]
[SourceQuality "1"]
[TimeControl "6600+10"]

1. d4 Nf6 2. Nf3 e6 3. c4 b6 4. g3 Ba6 5. Qa4 Be7 6. Bg2 Bb7 7. O-O O-O 8. Nc3 c5 9. dxc5 bxc5 10. Rd1 Bc6 11. Qc2 Qb6 12. e4 d6 13. Bf4 e5 14. Bg5 Nbd7 15. Nd5 Bxd5 16. exd5 h6 17. Bc1 Rab8 18. Rb1 a5 19. Nh4 Rfe8 20. Nf5 Bf8 21. Bd2 Kh8 22. f4 exf4 23. Bxf4 Ne5 24. Rf1 Ng6 25. Bd2 Ng4 26. Bc3 Kg8 27. Be4 Qd8 28. h3 N4e5 29. h4 Ng4 30. Bd2 N6e5 31. Ne3 Nxe3 32. Bxe3 Qe7 33. Bg2 Nxc4 34. Bxh6 gxh6 35. Qxc4 Qe3+ 36. Kh2 Rb4 37. Qc2 Qe5 38. Qf2 Re7 39. Kg1 Rg4 40. Rbe1 Qxg3 41. Qxg3 Rxg3 42. Rxe7 Bxe7 43. h5 Rg5 44. Rf3 Rxd5 45. Rg3+ Rg5 46. Rxg5+ Bxg5 47. Kf2 Bc1 48. b3 Kg7 49. Ke2 Kf6 50. Kd3 Ke5 51. Kc4 f5 52. Kb5 Bd2 53. Kc6 f4 54. Bf3 Bb4 55. Bg2 Kd4 56. Kxd6 c4+ 57. Ke6 c3 0-1

[Event "8th Gibraltar U16-Junior 2018"]
[Site "Caleta"]
[Date "2018.08.17"]
[Round "1"]
[White "Schulz, Victor"]
[Black "Onslow, Alfie"]
[Result "0-1"]
[ECO "B22"]
[WhiteElo "1510"]
[BlackElo "2040"]
[Annotator "NA RC"]
[PlyCount "96"]
[EventDate "2018.08.17"]
[EventType "swiss"]
[EventCountry "GGB"]
[SourceTitle "playchess.com"]
[Source "ChessBase"]
[SourceQuality "1"]
[TimeControl "6600+10"]

1. e4 c5 2. c3 Nf6 3. e5 Nd5 4. d4 cxd4 5. Nf3 e6 6. Bc4 d6 7. Bxd5 exd5 8. exd6 Qxd6 9. Nxd4 Be7 10. O-O O-O 11. Be3 Nc6 12. Nd2 Be6 13. N2f3 Qd7 14. Qe2 Bg4 15. Nxc6 bxc6 16. Ne5 Bxe2 17. Nxd7 Bxf1 18. Nxf8 Bxg2 19. Nxh7 Bf3 20. Ng5 Bg4 21. Kg2 Bf5 22. Nf3 Be4 23. Kg3 c5 24. Rd1 Rb8 25. Rd2 Rb6 26. Ne5 Re6 27. f4 Bd6 28. Kf2 Rh6 29. Ke1 Rh3 30. Bg1 f6 31. Nd7 Bxf4 32. Re2 c4 33. Bxa7 Bxh2 34. a4 Bf4 35. a5 Bd3 36. Re8+ Kf7 37. Rf8+ Ke7 38. Bc5+ Kxd7 39. a6 Bg3+ 40. Kd2 Rh2+ 41. Ke3 Bf2+ 42. Kf4 Bxc5 43. Rf7+ Ke6 44. a7 g5+ 45. Kf3 Be4+ 46. Kg4 Rg2+ 47. Kh3 g4+ 48. Kh4 Bf2+ 0-1

[Event "8th Gibraltar U16-Junior 2018"]
[Site "Caleta"]
[Date "2018.08.17"]
[Round "1"]
[White "Cox, Ben"]
[Black "Jayawarna, Nugith"]
[Result "1/2-1/2"]
[ECO "B22"]
[WhiteElo "1466"]
[BlackElo "2013"]
[Annotator "NA RC"]
[PlyCount "74"]
[EventDate "2018.08.17"]
[EventType "swiss"]
[EventCountry "GGB"]
[SourceTitle "playchess.com"]
[Source "ChessBase"]
[SourceQuality "1"]
[TimeControl "6600+10"]

1. e4 c5 2. d4 cxd4 3. c3 Nf6 4. e5 Nd5 5. Nf3 e6 6. cxd4 b6 7. a3 Bb7 8. Bd3 Be7 9. O-O O-O 10. Nc3 Nxc3 11. bxc3 d6 12. Bf4 Nc6 13. exd6 Bxd6 14. Bxh7+ Kxh7 15. Ng5+ Kg6 16. Qd3+ f5 17. Nxe6 Qf6 18. Bxd6 Qxe6 19. Bxf8 Rxf8 20. d5 Qd6 21. Rfe1 Rf6 22. Re3 Na5 23. Qb5 Qxd5 24. Qe8+ Kh7 25. Rh3+ Rh6 26. Rxh6+ Kxh6 27. Qh8+ Kg6 28. Qe8+ Kf6 29. f3 Qc5+ 30. Kh1 Qe7 31. Re1 Qxe8 32. Rxe8 Nc4 33. Rd8 Nxa3 34. Rd7 Bc8 35. Rc7 Be6 36. Rxa7 Nb5 37. Ra6 Nxc3 1/2-1/2

[Event "8th Gibraltar U16-Junior 2018"]
[Site "Caleta"]
[Date "2018.08.17"]
[Round "1"]
[White "Bansal, Saahil"]
[Black "Ledesma Claros, Daniel"]
[Result "0-1"]
[ECO "E11"]
[WhiteElo "1454"]
[BlackElo "1954"]
[Annotator "NA RC"]
[PlyCount "120"]
[EventDate "2018.08.17"]
[EventType "swiss"]
[EventCountry "GGB"]
[SourceTitle "playchess.com"]
[Source "ChessBase"]
[SourceQuality "1"]
[TimeControl "6600+10"]

1. d4 Nf6 2. c4 e6 3. Nf3 Bb4+ 4. Bd2 Qe7 5. a3 Bxd2+ 6. Nbxd2 d6 7. e4 e5 8. d5 O-O 9. Bd3 a5 10. b4 Nh5 11. g3 g6 12. Nh4 Nf4 13. gxf4 Qxh4 14. fxe5 dxe5 15. Nf3 Qf4 16. Nd2 f5 17. bxa5 fxe4 18. Nxe4 Bg4 19. Qc2 Rxa5 20. Rg1 Bf5 21. Qe2 Qxh2 22. Kd2 Bxe4 23. Qxe4 Qxf2+ 24. Kc3 Rxa3+ 25. Rxa3 Qxg1 26. Qxe5 Qc1+ 27. Kb3 Qf4 28. Qxf4 Rxf4 29. Ra7 Na6 30. Be2 h5 31. Ra8+ Kg7 32. Re8 b6 33. Re3 Nc5+ 34. Kb4 Re4 35. Rxe4 Nxe4 36. Kb5 Nc3+ 37. Kc6 Nxe2 38. Kxc7 h4 39. d6 h3 40. d7 Nf4 41. Kd6 h2 42. d8=Q h1=Q 43. Qe7+ Kh6 44. Qe5 Qd1+ 45. Kc6 Qa4+ 46. Kxb6 Qxc4 47. Qh8+ Kg5 48. Qd8+ Kg4 49. Qd1+ Kf5 50. Qb1+ Qd3 51. Qh1 Qd6+ 52. Ka7 Qd4+ 53. Kb8 Ke6 54. Qb1 g5 55. Qb3+ Nd5 56. Qh3+ g4 57. Qh6+ Qf6 58. Qh5 Qd8+ 59. Kb7 Qc7+ 60. Ka8 Nb6# 0-1

[Event "8th Gibraltar U16-Junior 2018"]
[Site "Caleta"]
[Date "2018.08.17"]
[Round "1"]
[White "Chouki, Aali"]
[Black "Ifalore, Michael"]
[Result "0-1"]
[ECO "C55"]
[WhiteElo "1413"]
[BlackElo "1881"]
[Annotator "NA RC"]
[PlyCount "36"]
[EventDate "2018.08.17"]
[EventType "swiss"]
[EventCountry "GGB"]
[SourceTitle "playchess.com"]
[Source "ChessBase"]
[SourceQuality "1"]
[TimeControl "6600+10"]

1. e4 e5 2. Bc4 Nf6 3. d3 Nc6 4. Nf3 Be7 5. c3 O-O 6. Nbd2 d6 7. Nf1 a6 8. Bb3 Na5 9. Bc2 c5 10. Ng3 Nc6 11. O-O Re8 12. h3 Qc7 13. Nh4 Nxe4 14. Nxe4 Bxh4 15. f4 Be7 16. fxe5 Nxe5 17. d4 Ng6 18. Qf3 Be6 0-1

[Event "8th Gibraltar U16-Junior 2018"]
[Site "Caleta"]
[Date "2018.08.17"]
[Round "1"]
[White "Seleznev, Egor"]
[Black "Samworth Calvier, Juju"]
[Result "1/2-1/2"]
[ECO "A85"]
[WhiteElo "1388"]
[BlackElo "1816"]
[Annotator "NA RC"]
[PlyCount "196"]
[EventDate "2018.08.17"]
[EventType "swiss"]
[EventCountry "GGB"]
[SourceTitle "playchess.com"]
[Source "ChessBase"]
[SourceQuality "1"]
[TimeControl "6600+10"]

1. d4 e6 2. Nf3 f5 3. c4 Nf6 4. Nc3 Bb4 5. Bg5 O-O 6. e3 b6 7. Bd3 Bb7 8. O-O Qe8 9. Nd2 Qg6 10. Nf3 Ne4 11. Bf4 Bxc3 12. Bxe4 Bxe4 13. bxc3 d6 14. Bg3 Nd7 15. Ne1 e5 16. f3 Bb7 17. Nd3 Qe6 18. Qb3 a5 19. a4 Ba6 20. Nb2 Rae8 21. Rfe1 h5 22. e4 Kh8 23. Rad1 fxe4 24. Rxe4 Nf6 25. Re3 Qf5 26. Bf2 e4 27. Qc2 d5 28. Bg3 dxc4 29. Be5 Nd5 30. Rxe4 Ne3 31. Qd2 Nxd1 32. Nxd1 Bb7 33. Ne3 Qg5 34. f4 Qg6 35. f5 Rxf5 36. Bxg7+ Kxg7 37. Nxf5+ Kf8 38. Rxe8+ Qxe8 39. Qh6+ Kf7 40. Qxh5+ Kf8 41. Qxe8+ Kxe8 42. Ne3 Bc6 43. Nxc4 Bxa4 44. Kf2 Ke7 45. Ke3 Ke6 46. g4 Bd1 47. h3 Kd5 48. Na3 c5 49. c4+ Kd6 50. Nb5+ Ke6 51. dxc5 bxc5 52. Kf4 Be2 53. Na3 Kf6 54. h4 a4 55. h5 Kg7 56. Kg5 Kf7 57. Kf5 Kg7 58. Kg5 Kf7 59. h6 Bd3 60. Kf4 Kg6 61. g5 Kf7 62. Ke5 Kg6 63. Kd5 Kxg5 64. h7 Bxh7 65. Kxc5 Be4 66. Kb4 Kf6 67. Kxa4 Ke6 68. Ka5 Kd7 69. Kb6 Bg2 70. Nc2 Be4 71. Nb4 Bf3 72. c5 Be4 73. Na2 Bc6 74. Nc3 Bf3 75. Nb5 Bg2 76. Nd4 Bd5 77. Ne2 Bf3 78. Nf4 Bh1 79. Ng6 Bg2 80. Ne5+ Ke6 81. Nd3 Kd7 82. Nf4 Bh1 83. Kb5 Ba8 84. Kc4 Bh1 85. Kd4 Kc6 86. Nd3 Kd7 87. Nf2 Bg2 88. Nd3 Bh1 89. Nb4 Bg2 90. Nc2 Bh1 91. Ne3 Bb7 92. Kc4 Ba8 93. Kb5 Be4 94. Kb6 Bh1 95. Nc4 Bg2 96. Ne5+ Kc8 97. Nc6 Kd7 98. Nb4 Bh1 1/2-1/2

[Event "8th Gibraltar U16-Junior 2018"]
[Site "Caleta"]
[Date "2018.08.17"]
[Round "1"]
[White "Gough, Theo"]
[Black "Kirupakaran, Vishnu"]
[Result "0-1"]
[ECO "D30"]
[WhiteElo "1346"]
[BlackElo "1786"]
[Annotator "NA RC"]
[PlyCount "88"]
[EventDate "2018.08.17"]
[EventType "swiss"]
[EventCountry "GGB"]
[SourceTitle "playchess.com"]
[Source "ChessBase"]
[SourceQuality "1"]
[TimeControl "6600+10"]

1. d4 d5 2. c4 c6 3. Nf3 Nf6 4. e3 e6 5. b3 Nbd7 6. Bb2 Bd6 7. Nbd2 O-O 8. Bd3 b6 9. O-O Bb7 10. Ne5 c5 11. f4 Ne4 12. Qc2 Ndf6 13. Rad1 Qe7 14. Nxe4 dxe4 15. Be2 Rfd8 16. a4 Qc7 17. Qc3 cxd4 18. exd4 Rac8 19. g3 Ne8 20. Bg4 Qe7 21. d5 f5 22. Bh5 exd5 23. Nf7 Bc5+ 24. Kg2 d4 25. Qe1 e3+ 26. Kh3 e2 27. Nxd8 exf1=Q+ 28. Qxf1 Rxd8 29. Re1 Qf6 30. Qe2 g6 31. Bf3 Bxf3 32. Qxf3 Qf7 33. Rd1 Nf6 34. b4 Bxb4 35. Rxd4 Rxd4 36. Bxd4 Ne4 37. Qb3 Bc5 38. Bxc5 Nxc5 39. Qc2 Kg7 40. Qc3+ Qf6 41. Qxf6+ Kxf6 42. g4 fxg4+ 43. Kxg4 Nxa4 44. h4 Nb2 0-1

[Event "8th Gibraltar U16-Junior 2018"]
[Site "Caleta"]
[Date "2018.08.17"]
[Round "1"]
[White "Dhanwani, Aryan"]
[Black "Patel, Devan"]
[Result "0-1"]
[ECO "C50"]
[WhiteElo "1169"]
[BlackElo "1716"]
[Annotator "NA RC"]
[PlyCount "80"]
[EventDate "2018.08.17"]
[EventType "swiss"]
[EventCountry "GGB"]
[SourceTitle "playchess.com"]
[Source "ChessBase"]
[SourceQuality "1"]
[TimeControl "6600+10"]

1. e4 Nc6 2. Nf3 e5 3. Bc4 Bc5 4. Nc3 Nf6 5. d3 O-O 6. Bg5 h6 7. Bh4 Be7 8. d4 exd4 9. Nxd4 Nxe4 10. Nxc6 bxc6 11. Bxe7 Qxe7 12. O-O Nxc3 13. bxc3 d5 14. Re1 Qf6 15. Bb3 Qxc3 16. Re3 Qf6 17. Rf3 Qd6 18. Qd4 Re8 19. Rg3 Qe5 20. Qxe5 Rxe5 21. Re3 Rxe3 22. fxe3 a5 23. Ba4 Ra6 24. Rb1 Rb6 25. Rxb6 cxb6 26. Bxc6 Be6 27. a3 Kf8 28. Kf2 Ke7 29. Ke2 Kd6 30. Be8 Kc5 31. a4 Kc4 32. Kd2 f6 33. h4 Bc8 34. Bb5+ Kc5 35. c3 Bb7 36. g3 Bc6 37. Bxc6 Kxc6 38. Kc2 Kc5 39. Kb3 b5 40. axb5 Kxb5 0-1

[Event "8th Gibraltar U16-Junior 2018"]
[Site "Caleta"]
[Date "2018.08.17"]
[Round "1"]
[White "Harbinson, Alec Ryan"]
[Black "Cortes Villa, Jaime"]
[Result "0-1"]
[ECO "B28"]
[WhiteElo "1043"]
[BlackElo "1700"]
[Annotator "NA RC"]
[PlyCount "56"]
[EventDate "2018.08.17"]
[EventType "swiss"]
[EventCountry "GGB"]
[SourceTitle "playchess.com"]
[Source "ChessBase"]
[SourceQuality "1"]
[TimeControl "6600+10"]

1. e4 c5 2. Nf3 a6 3. d4 cxd4 4. Nxd4 Nf6 5. Nc3 e5 6. Nf3 Bb4 7. Bd2 d6 8. a3 Bxc3 9. Bxc3 Nxe4 10. Bd3 Nxc3 11. bxc3 f5 12. Bc4 Qf6 13. Qd2 Be6 14. Bxe6 Qxe6 15. Rd1 Nd7 16. Qxd6 Qxd6 17. Rxd6 Ke7 18. Rd2 Rac8 19. Rd3 Rc5 20. Kd2 Nf6 21. h3 Ne4+ 22. Ke1 Nxc3 23. Nd2 e4 24. Rg3 g6 25. Rg5 Rd8 26. g4 Rcd5 27. Rg1 Rxd2 28. f3 Re2+ 0-1

[Event "8th Gibraltar U16-Junior 2018"]
[Site "Caleta"]
[Date "2018.08.17"]
[Round "1"]
[White "Jain, Anushree"]
[Black "Onslow, Teddy"]
[Result "0-1"]
[ECO "C00"]
[WhiteElo "1006"]
[BlackElo "1669"]
[Annotator "NA RC"]
[PlyCount "88"]
[EventDate "2018.08.17"]
[EventType "swiss"]
[EventCountry "GGB"]
[SourceTitle "playchess.com"]
[Source "ChessBase"]
[SourceQuality "1"]
[TimeControl "6600+10"]

1. e4 e6 2. g3 d5 3. d3 dxe4 4. dxe4 Qxd1+ 5. Kxd1 Bc5 6. f3 b6 7. Nc3 Bb7 8. Bf4 Bd6 9. Nge2 Nc6 10. Be3 O-O-O 11. Kc1 Nge7 12. Nf4 Ne5 13. Be2 N7c6 14. b3 Ba3+ 15. Kb1 a6 16. Nd3 Nxd3 17. Bxd3 Rd7 18. Bc1 Be7 19. a3 Nd4 20. Rd1 Nxf3 21. Be3 Bf6 22. Kb2 Rhd8 23. Be2 Rxd1 24. Bxd1 Bxe4 25. Be2 Bb7 26. Rf1 Nd4 27. Kc1 Nxe2+ 28. Nxe2 a5 29. h4 Ba6 30. c4 a4 31. bxa4 Bxc4 32. Re1 Rd3 33. Bg5 Bxg5+ 34. hxg5 Re3 35. Kd2 Rxe2+ 36. Rxe2 Bxe2 37. Kxe2 Kb7 38. Kd2 Ka6 39. Kc2 Ka5 40. Kb2 Kxa4 41. Ka2 e5 42. Kb2 e4 43. Kc1 Kxa3 44. Kd1 b5 0-1